AoeStats
← ZigZag Doobski

Arena

509724601Analyzed
2v2 RM · 6d ago on Sep 27, 2026· 48m 48s· 4 players
Game mode
Random Map
Map size
Medium (4 player)
Population
200
Speed
Normal
Resources
Standard
Victory
Conquest
Starting age
Dark Age
Ending age
Imperial Age
RankedLock teamsTeams togetherTeam positionsShared explorationLock speedFull tech treeHidden civsTurbo modeCheats
Victory
Defeat
🇨🇦 Romans · Canada
665
+12
🇺🇸 Italians · United States
520
+18
🇨🇴 Poles · Colombia
615
-17
🇬🇧 Teutons · United Kingdom
520
-13
from_the_earth
10:22 Feudal Age
10:53 Double-Bit Axe
13:24 Horse Collar
21:30 Castle Age
20:03 Bloodlines
20:00 Arson
22:24 Bow Saw
23:00 Gold Mining
23:01 Stone Mining
23:39 Husbandry
25:34 Wheelbarrow
24:48 Loom
24:49 Town Watch
27:06 Stone Shaft Mining
30:13 Imperial Age
28:51 Szlachta Privileges
29:19 Scale Mail Armor
29:24 Treadmill Crane
30:19 Heavy Plow
31:12 Cavalier
31:13 Light Cavalry
31:47 Cavalier
33:38 Scale Barding Armor
35:31 Herbal Medicine
35:47 Fervor
35:40 Herbal Medicine
35:56 Fervor
37:00 Chain Barding Armor
36:55 Chain Mail Armor
36:51 Forging
38:10 Conscription
39:20 Masonry
39:07 Murder Holes
39:22 Fortified Wall
39:18 Siege Engineers
40:43 Winged Hussar
42:12 Iron Casting
42:09 Plate Mail Armor
PersianStallion
9:49 Feudal Age
10:21 Double-Bit Axe
12:45 Horse Collar
19:13 Castle Age
17:11 Stone Mining
18:03 Gold Mining
BigTimTom
0:34 Loom
10:31 Loom
13:20 Feudal Age
13:50 Double-Bit Axe
15:01 Wheelbarrow
16:26 Scale Mail Armor
19:58 Castle Age
18:55 Gold Mining
18:45 Man-at-Arms
20:36 Long Swordsman
23:08 Squires
32:21 Chain Mail Armor
32:16 Forging
33:36 Horse Collar
34:32 Pikeman
39:16 Town Watch
42:27 Imperial Age
41:10 Ballistics
40:48 Murder Holes
41:42 Iron Casting
42:28 Halberdier
44:57 Blast Furnace
45:03 Legionary
48:36 Elite Centurion
ZigZag Doobski
0:34 Loom
14:29 Feudal Age
15:59 Wheelbarrow
15:06 Horse Collar
15:13 Double-Bit Axe
20:24 Castle Age
19:42 Gold Mining
19:44 Stone Mining
19:51 Stone Mining
21:32 Bow Saw
21:40 Hand Cart
22:42 Heavy Plow
23:54 Fletching
24:05 Padded Archer Armor
28:00 Thumb Ring
31:01 Bodkin Arrow
32:14 Leather Archer Armor
33:50 Stone Shaft Mining
34:26 Masonry
34:39 Ballistics
34:30 Masonry
34:37 Pikeman
35:18 Squires
35:03 Arson
38:35 Imperial Age
36:26 Caravan
37:32 Forging
38:20 Silk Road
38:43 Elite Genoese Crossbowman
39:59 Hoardings
39:45 Conscription
42:03 Chemistry
41:37 Architecture
41:58 Conscription
44:42 Crop Rotation
46:30 Two-Man Saw
49:41 Conscription
Connection lost

Rejoining the realm…

Still unreachable

The connection could not be restored.

Session expired

The server has moved on; the page needs a fresh start.